 Dungeon Crawl Stone Soup version 0.17-a0-1069-g92ad481 (webtiles) character file.

168583 Raurakos the Black Belt (level 17, 0/89 HPs)
             Began as a Vine Stalker Transmuter on May 16, 2015.
             Was the Champion of Makhleb.
             Killed by static electricity
             ... invoked by an insubstantial wisp
              (4 damage)
             ... while paralysed by a hornet
             ... on level 3 of the Swamp on May 17, 2015.
             The game lasted 03:09:36 (29517 turns).

Raurakos the Black Belt (Vine Stalker Transmuter)  Turns: 29517, Time: 03:09:36

Health: 0/89       AC: 15    Str: 18    XL:     17   Next: 95%
Magic:  0/28       EV:  2    Int: 13    God:    Makhleb [******]
Gold:   3307       SH:  0    Dex: 20    Spells: 4 memorised, 19 levels left

rFire  + . .     SeeInvis .       - Unarmed
rCold  . . .     Clarity  .     c - +3 leather armour {rF+}
rNeg   . . .     SustAb   .     (shield currently unavailable)
rPois  .         Gourm    +     n - +0 helmet
rElec  .         Spirit   +     q - +1 cloak
rCorr  .         Warding  .     (gloves currently unavailable)
rMut   .         Stasis   .     V - +2 pair of boots {Fly}
MR     ++...                    Z - amulet of the gourmand
Stlth  ++++......               I - +3 ring of strength
                                G - +2 ring of protection

@: paralysed, lethally poisoned (0 -> -17), about to teleport, blade hands
(expiring), slowed, very resistant to hostile enchantments, stealthy
A: fangs 3, regeneration 3, magic shield, antimagic bite, no device heal 3, rot
immunity
a: End Transformation, Minor Destruction, Lesser Servant of Makhleb, Major
Destruction, Greater Servant of Makhleb, Renounce Religion, Evoke Flight


You were on level 3 of the Swamp.
You worshipped Makhleb.
Makhleb was exalted by your worship.
You were very full.
You had blades for hands.
You visited 5 branches of the dungeon, and saw 33 of its levels.
You also visited: Bailey and Volcano.

You collected 3731 gold pieces.
You spent 424 gold pieces at shops.

Inventory:

Armour
 c - a +3 leather armour of fire resistance (worn)
 n - a +0 helmet (worn)
 q - a +1 cloak (worn)
 J - a +0 pair of gloves (melded)
 V - a +2 pair of boots of flying (worn)
Jewellery
 e - an uncursed amulet of stasis
 v - an uncursed ring of sustain abilities
 D - an uncursed ring of positive energy
 G - a +2 ring of protection (left scythe-like blade)
 I - a +3 ring of strength (right scythe-like blade)
 Z - an amulet of the gourmand (around neck)
Magical devices
 l - a wand of invisibility (3)
 K - a wand of digging (9)
 N - a wand of teleportation (9)
Scrolls
 f - 4 scrolls of identify
 h - 4 scrolls of recharging
 j - 2 scrolls of fear
 m - 7 scrolls of teleportation
 o - 7 scrolls of magic mapping
 s - 9 scrolls of remove curse
 w - a scroll of brand weapon
 y - a scroll of blinking
 C - a scroll of amnesia
 E - 9 scrolls of fog
Potions
 b - 3 potions of resistance
 g - 6 potions of haste
 i - 9 potions of curing
 p - 3 potions of agility
 u - a potion of cure mutation
 x - 3 potions of invisibility
 z - 2 potions of might
 H - 3 potions of cancellation
 L - a potion of berserk rage
Books
 F - a book of Envenomations

   Spells                             Type                      Level
   a - Spider Form                    Transmutation/Poison         3
   b - Alistair's Intoxication        Transmutation/Poison         4
   c - Olgreb's Toxic Radiance        Poison                       4
   d - Poisonous Cloud                Conjuration/Poison/Air       6
Miscellaneous
 a - a fan of gales
 r - a lamp of fire
 B - a box of beasts
 P - a phial of floods
 R - a phantom mirror
Comestibles
 d - 22 bread rations
 k - 3 fruits
 t - a meat ration
 A - a beef jerky
 M - a slice of pizza
 O - 2 chunks of flesh


   Skills:
 + Level 10.2 Fighting
 - Level 4.0 Armour
 - Level 12.0 Dodging
 - Level 7.2 Stealth
 - Level 15.0 Unarmed Combat
 - Level 7.0 Spellcasting
 - Level 5.0 Charms
 - Level 6.0 Translocations
 - Level 12.0 Transmutations
 - Level 5.0 Air Magic
 - Level 10.0 Invocations
 - Level 2.0 Evocations


You had 19 spell levels left.
You knew the following spells:

 Your Spells              Type           Power        Failure   Level  Hunger
a - Blade Hands           Trmt           #####.....   32%         5    ######.
b - Blink                 Tloc           N/A          24%         2    #......
c - Repel Missiles        Chrm/Air       ###...       32%         2    #......
d - Swiftness             Chrm/Air       ###.....     32%         2    #......


Dungeon Overview and Level Annotations

Branches:
Dungeon (15/15)            Temple (0/1) D:6            Lair (8/8) D:10
  Swamp (3/4) Lair:5       Spider (3/4) Lair:5        Slime (0/6) Lair:6
    Orc (4/4) D:12            Elf (0/3) Orc:3        Vaults (0/5) D:13
 Depths (0/5) D:15

Altars:
Fedhas
Makhleb
Xom
Beogh

Shops:
Orc:1 (   Orc:4 [%[?

Annotations:
D:9 Maurice
Lair:1 Sonja
Lair:8 Nessos
Spider:3 Agnes, Arachne


Innate Abilities, Weirdness & Mutations

You have razor-sharp teeth.
You regenerate.
When hurt, damage is shared between your health and your magic reserves.
Your bite disrupts and absorbs the magic of your enemies.
Potions and wands cannot restore your health.
You are immune to rotting.


Message History

You suddenly lose the ability to move!
The wasp barely misses you. The wasp stings you.
* * * LOW HITPOINT WARNING * * *
You feel as though you will be slow longer.
The insubstantial wisp hits you but does no damage.
The insubstantial wisp thrums sharply.
You are struck by lightning.
* * * LOW HITPOINT WARNING * * *
The lightning arcs!
The wasp is struck by lightning.
The lightning arcs!
The wasp stings you but does no damage.
The hornet stings you but does no damage.
The insubstantial wisp hits you but does no damage.
The wasp stings you!
* * * LOW HITPOINT WARNING * * *
You are more poisoned.
You feel as though you will be slow longer.
The insubstantial wisp hits you.
The insubstantial wisp blinks!
The insubstantial wisp thrums sharply.
You are struck by lightning.
You die...

.....♣...♣♣≈§≈..≈≈♣.≈≈≈≈≈≈.≈.)≈≈≈
§..≈.†♣♣♣§.§..≈≈....≈≈≈≈≈≈≈...≈≈≈
≈...≈†....♣♣≈.≈≈..♣...≈≈≈≈≈...§≈≈
≈≈)≈≈≈....v..≈≈≈≈!≈..≈≈≈≈≈≈.....≈
≈≈≈≈≈.♣♣♣..≈≈≈≈.≈....≈≈≈≈≈≈.≈.≈.≈
≈.≈≈≈≈♣♣♣♣.≈≈.♣≈≈≈≈≈..≈≈≈≈≈.♣≈≈..
♣.≈≈≈...>.♣♣♣..♣≈≈v≈≈.♣.≈≈≈≈.♣♣..
♣♣♣♣♣/≈≈≈......v.v≈≈≈≈≈.....(.<..
♣≈.≈≈≈.≈≈≈/§§@y.≈(..≈..P...≈≈≈
♣♣♣♣♣≈.≈≈≈.≈y§y......≈≈≈≈≈≈≈≈≈
♣♣≈...≈≈≈...≈§≈≈.≈.≈≈≈..≈≈≈≈≈
♣≈.P≈≈.....≈≈..≈≈≈♣.≈.....≈≈≈
♣..≈.♣♣....≈≈≈♣♣≈≈♣♣...>....≈
♣.≈....≈≈..≈≈....♣♣♣..≈..≈≈≈.
♣♣♣♣.≈≈≈.♣.≈...§≈.....≈≈≈♣♣♣♣
♣≈...♣....v≈≈≈≈§....≈≈
♣♣.......≈.≈≈≈≈≈≈.≈...


You could see a hornet, 2 wasps and 5 insubstantial wisps.

Vanquished Creatures
  Maud (Lair:4)
  A stone giant (Orc:3)
  A very ugly thing (Swamp:2)
  A fire dragon (D:15)
  4 vault guards (D:13)
  Josephine (Lair:3)
  The ghost of Lugonue the Carver, a powerful VSSk of Okawaru (Lair:4)
  A yaktaur captain (D:15)
  5 entropy weavers
  Harold (Lair:1)
  Erolcha (D:10)
  10 hydras
  5 centaur warriors
  The ghost of Viceroy the Blocker, an experienced MiFi of Makhleb (Orc:1)
  4 alligators
  A tengu warrior (D:13)
  7 death yaks
  2 unseen horrors (D:13)
  3 swamp dragons
  2 shambling mangroves
  2 wizards
  7 hill giants
  Pikel (D:4)
  2 orc knights (Orc:4)
  2 griffons (Lair:8)
  6 wolf spiders
  10 ugly things
  5 orb spiders
  A cyclops (D:15)
  11 elephants
  4 centaur zombies
  A smoke demon (Lair:8)
  4 orange demons (Lair:8)
  17 spiny frogs
  3 black mambas
  2 gargoyles
  A torpor snail (Spider:1)
  2 centaur skeletons
  An efreet (D:14)
  10 komodo dragons
  A yaktaur (shapeshifter) (D:13)
  3 demonic crawlers
  6 fire drakes (Lair:8)
  A tengu conjurer (D:13)
  26 blink frogs
  A giant leech (Swamp:1)
  A blue devil (Lair:8)
  A merfolk (D:10)
  A hellwing (Lair:8)
  A red devil (Lair:8)
  3 polar bears
  A freezing wraith (D:14)
  5 two-headed ogres
  13 jumping spiders
  6 bog bodies
  9 slime creatures
  2 boulder beetles
  A raven (D:13)
  12 trapdoor spiders
  2 spriggans
  A shadow (D:15)
  37 redbacks
  14 tarantellas
  A flying skull (Volcano)
  41 yaks
  2 vampires
  A wyvern (D:14)
  16 hippogriffs
  6 deep elf magi
  4 wraiths
  A hungry ghost (D:12)
  7 basilisks
  18 swamp worms
  14 wolves
  8 insubstantial wisps
  3 wargs
  3 mottled dragons
  35 orc warriors
  3 swamp drakes
  18 water moccasins
  2 wasps
  8 porcupines
  A necrophage (D:14)
  20 spiders
  A tengu (shapeshifter) (D:13)
  4 black bears
  A phantom (D:14)
  An ice beast (D:8)
  4 sky beasts
  5 boggarts
  11 ogres
  2 big kobolds
  29 centaurs
  15 crocodiles
  A wyvern zombie (D:10)
  14 giant frogs
  A gnoll sergeant (D:8)
  A scorpion (D:13)
  7 electric eels
  A vampire bat (Lair:2)
  The ghost of HEYYEYAAE the Skirmisher, a weakling OpBe of Trog (D:3)
  12 wights
  8 killer bees
  2 crimson imps
  7 hounds
  A giant frog zombie (D:12)
  3 jellies
  20 orc priests
  8 iguanas
  Crazy Yiuf (D:4)
  Ijyb (D:3)
  35 orc wizards
  4 spectral orcs (Lair:2)
  2 giant frog skeletons
  6 worker ants
  23 sheep
  2 hound zombies
  2 worker ant zombies
  2 mummies (Volcano)
  Robin (D:4)
  A gnoll (D:5)
  13 adders
  115 river rats
  5 shadow imps
  2 adder skeletons (D:7)
  4 worms
  5 giant geckos
  148 orcs
  3 ball pythons
  22 bats
  7 giant cockroaches
  24 hobgoblins
  9 jackals
  2 quokkas
  A giant cockroach zombie (D:6)
  3 giant newts
  26 goblins
  35 kobolds
  17 rats
  A butterfly (Lair:2)
  A fungus (Lair:8)
  2 plants
1190 creatures vanquished.

Vanquished Creatures (collateral kills)
  Louise (Spider:3)
  A hydra (Lair:7)
  Nergalle (Lair:2)
  A hill giant (D:13)
  A wolf spider (Spider:3)
  A centaur skeleton (D:15)
  A smoke demon (Lair:4)
  A troll (D:15)
  2 jumping spiders (Spider:3)
  A tarantella (Spider:2)
  A basilisk (Lair:2)
  An orc warrior (D:10)
  A water moccasin (Lair:7)
  2 iguanas
  A river rat (Lair:7)
  5 orcs (Orc:2)
  A bat (Lair:2)
  A spectral orc (Lair:2)
24 creatures vanquished.

Vanquished Creatures (others)
  3 smoke demons
  A hellwing (Lair:7)
  A troll (D:15)
  2 ynoxinuls
  2 neqoxecs
  A porcupine (Lair:5)
  A shadow imp (Spider:3)
  A white imp (Spider:3)
  5 ufetubi
  3 orcs
20 creatures vanquished.

Grand Total: 1234 creatures vanquished

Notes
Turn   | Place    | Note
--------------------------------------------------------------
     0 | D:1      | Raurakos the Vine Stalker Transmuter began the quest for the Orb.
     0 | D:1      | Reached XP level 1. HP: 9/9 MP: 4/4
   129 | D:1      | Reached XP level 2. HP: 14/14 MP: 4/6
   620 | D:1      | Reached skill level 4 in Unarmed Combat
   707 | D:1      | Reached XP level 3. HP: 17/17 MP: 7/7
  1109 | D:2      | Reached XP level 4. HP: 21/21 MP: 8/8
  1470 | D:3      | Noticed HEYYEYAAE's ghost (weakling OpBe)
  1488 | D:3      | Killed HEYYEYAAE's ghost
  1488 | D:3      | Reached skill level 5 in Unarmed Combat
  1608 | D:3      | Reached XP level 5. HP: 19/25 MP: 6/9
  1788 | D:3      | Noticed Ijyb
  1811 | D:3      | Killed Ijyb
  1954 | D:3      | Reached skill level 6 in Unarmed Combat
  2372 | D:4      | Noticed Robin
  2379 | D:4      | Killed Robin
  2397 | D:4      | Gained mutation: You heal very quickly. [Vine Stalker growth]
  2397 | D:4      | Reached XP level 6. HP: 23/29 MP: 10/10
  2534 | D:4      | Reached skill level 7 in Unarmed Combat
  2667 | D:4      | Noticed Pikel
  2668 | D:4      | Noticed a slave
  2669 | D:4      | Noticed a slave
  2670 | D:4      | Killed Pikel
  2670 | D:4      | Reached skill level 9 in Unarmed Combat
  2670 | D:4      | Reached XP level 7. HP: 32/32 MP: 9/11
  2673 | D:4      | Noticed a freed slave
  2682 | D:4      | Noticed a freed slave
  2877 | D:4      | Noticed Crazy Yiuf
  2881 | D:4      | Killed Crazy Yiuf
  2881 | D:4      | Gained mutation: You have razor-sharp teeth. [Vine Stalker growth]
  2881 | D:4      | Reached XP level 8. HP: 37/37 MP: 12/12
  2966 | D:5      | Entered Level 5 of the Dungeon
  2983 | D:5      | Found a burning altar of Makhleb.
  2991 | D:5      | Became a worshipper of Makhleb the Destroyer
  2992 | D:5      | Found a shimmering altar of Xom.
  3746 | D:6      | Found a staircase to the Ecumenical Temple.
  3950 | D:6      | Reached skill level 5 in Dodging
  4132 | D:6      | Acquired Makhleb's first power
  4230 | D:6      | Found a blossoming altar of Fedhas.
  4297 | D:6      | Reached XP level 9. HP: 37/40 MP: 13/13
  5341 | D:8      | Acquired Makhleb's second power
  5555 | D:8      | Noticed a hill giant
  5607 | D:8      | Reached XP level 10. HP: 44/44 MP: 14/14
  6027 | D:8      | Killed a hill giant
  6027 | D:8      | Acquired Makhleb's third power
  6434 | D:9      | Reached skill level 10 in Dodging
  6634 | D:9      | Noticed Maurice
  7242 | D:10     | Entered Level 10 of the Dungeon
  7606 | D:10     | Noticed a hill giant
  7606 | D:10     | Acquired Makhleb's fourth power
  7606 | D:10     | Reached skill level 5 in Fighting
  7828 | D:10     | Found a staircase to the Lair.
  7835 | D:10     | Noticed Erolcha
  7955 | D:10     | Killed a hill giant
  7955 | D:10     | Reached skill level 10 in Unarmed Combat
  8065 | D:10     | Reached XP level 11. HP: 55/55 MP: 15/15
  8205 | D:10     | Reached skill level 11 in Unarmed Combat
  8231 | Lair:1   | Entered Level 1 of the Lair of Beasts
  8387 | Lair:1   | Found a dark tunnel.
  8395 | Volcano  | Entered a volcano
  8627 | Lair:1   | Noticed Sonja
  9051 | Lair:1   | Acquired Makhleb's fifth power
  9148 | Lair:1   | Noticed a six-headed hydra
  9158 | Lair:1   | Killed a six-headed hydra
  9158 | Lair:1   | Reached skill level 12 in Unarmed Combat
  9246 | Lair:1   | Noticed Harold
  9296 | Lair:1   | Killed Harold
  9721 | Lair:1   | Reached skill level 13 in Unarmed Combat
  9916 | Lair:1   | Gained mutation: You regenerate. [Vine Stalker growth]
  9916 | Lair:1   | Reached XP level 12. HP: 41/60 MP: 9/16
 10083 | Lair:2   | Reached skill level 14 in Unarmed Combat
 10117 | Lair:2   | Reached skill level 1 in Invocations
 10186 | Lair:2   | Learned a level 2 spell: Repel Missiles
 10346 | Lair:2   | Noticed Nergalle
 10392 | Lair:2   | Killed Nergalle
 11110 | Lair:1   | Learned a level 5 spell: Blade Hands
 11723 | Lair:3   | Reached skill level 5 in Transmutations
 11753 | Lair:4   | Noticed Maud
 11804 | Lair:4   | Noticed Josephine
 11836 | Lair:3   | Killed Josephine
 12231 | Lair:4   | Killed Maud
 12231 | Lair:4   | Reached XP level 13. HP: 50/63 MP: 15/17
 12348 | Lair:4   | Noticed Lugonue's ghost (powerful VSSk)
 12481 | Lair:4   | Noticed a death yak
 12519 | Lair:4   | Noticed a death yak
 12538 | Lair:4   | Noticed a death yak
 12542 | Lair:4   | Noticed a death yak
 12545 | Lair:4   | Killed a death yak
 12561 | Lair:3   | Killed a death yak
 12566 | Lair:4   | Killed a death yak
 12577 | Lair:4   | Killed a death yak
 12577 | Lair:4   | Reached skill level 10 in Transmutations
 12941 | Lair:5   | Found a hole to the Spider Nest.
 12985 | Lair:5   | Found a staircase to the Swamp.
 13007 | Lair:5   | Reached skill level 1 in Armour
 13728 | Lair:6   | HP: 2/97 [spiny frog (10)]
 14349 | Lair:6   | Found a staircase to the Slime Pits.
 15296 | Lair:8   | Entered Level 8 of the Lair of Beasts
 15340 | Lair:7   | Reached XP level 14. HP: 73/75 MP: 14/18
 15457 | Lair:7   | HP: 3/75 [eight-headed hydra (8)]
 15654 | Lair:8   | Reached skill level 10 in Fighting
 15916 | Lair:8   | Upgraded the game from 0.17-a0-1056-g838d5c0 to 0.17-a0-1069-g92ad481
 16208 | Lair:8   | Noticed Nessos
 16315 | Lair:4   | Killed Lugonue's ghost
 16439 | Lair:1   | Reached skill level 15 in Unarmed Combat
 16950 | Lair:8   | Found a burning altar of Makhleb.
 17245 | D:10     | Noticed a hill giant
 17252 | D:10     | Killed a hill giant
 17375 | D:10     | Killed Erolcha
 18664 | D:12     | Found a staircase to the Orcish Mines.
 18668 | Orc:1    | Entered Level 1 of the Orcish Mines
 18668 | Orc:1    | Found a flagged portal.
 18668 | Orc:1    | Noticed Viceroy's ghost (experienced MiFi)
 18693 | D:12     | Reached XP level 15. HP: 29/80 MP: 7/23
 18797 | Orc:1    | Killed Viceroy's ghost
 18797 | Orc:1    | Reached skill level 5 in Spellcasting
 18814 | Bailey   | Entered a bailey
 18931 | Bailey   | Found a burning altar of Makhleb.
 19083 | Orc:1    | Found a roughly hewn altar of Beogh.
 19542 | Orc:1    | Found Itrat's Antique Weapon Emporium.
 20237 | Orc:3    | Found a staircase to the Elven Halls.
 20532 | Orc:4    | Entered Level 4 of the Orcish Mines
 20770 | Orc:4    | Reached skill level 1 in Charms
 21160 | Orc:4    | Found Xeodgh's Antique Armour Boutique.
 21160 | Orc:4    | Found Loep's Food Shoppe.
 21162 | Orc:4    | Found Usa Now's Antique Armour Emporium.
 21164 | Orc:4    | Found Piden's Magic Scroll Shop.
 21171 | Orc:4    | Bought a slimy leather armour for 154 gold pieces
 21183 | Orc:4    | Identified the +2 leather armour "Ycemoiho" {rElec rN+ Dex-5} (You bought it in a shop on level 4 of the Orcish Mines)
 21196 | Orc:4    | Bought a polished ring mail for 270 gold pieces
 21207 | Orc:4    | Identified the +4 ring mail of Distant Worlds {rCorr Str-4 Dex+4 Stlth+} (You bought it in a shop on level 4 of the Orcish Mines)
 21735 | D:13     | Reached skill level 5 in Charms
 21741 | D:13     | Reached skill level 1 in Air Magic
 21878 | D:13     | Found a gate to the Vaults.
 22509 | D:14     | Reached skill level 5 in Air Magic
 22540 | D:14     | Reached skill level 1 in Evocations
 22671 | D:14     | Learned a level 2 spell: Blink
 22673 | D:14     | Got a polished hunting sling
 22674 | D:14     | Identified the +4 hunting sling of Heariedo {flame, rN+} (You found it on level 14 of the Dungeon)
 22978 | D:14     | Reached XP level 16. HP: 85/85 MP: 27/27
 23217 | D:15     | Entered Level 15 of the Dungeon
 23236 | D:14     | Reached skill level 5 in Invocations
 24237 | D:15     | Found a staircase to the Depths.
 24573 | Lair:1   | Learned a level 2 spell: Swiftness
 24678 | Spider:1 | Entered Level 1 of the Spider Nest
 24693 | Spider:1 | Reached XP level 17. HP: 71/89 MP: 23/28
 25946 | Spider:2 | Reached skill level 1 in Translocations
 26186 | Spider:2 | Reached skill level 10 in Invocations
 26762 | Spider:3 | Reached skill level 5 in Translocations
 27106 | Spider:3 | Noticed Arachne
 27129 | Spider:3 | HP: 4/89 [Arachne/bolt of poison (24)]
 27285 | Spider:3 | Noticed Louise
 27447 | Spider:3 | Killed Louise
 27542 | Spider:3 | Noticed Agnes
 27549 | Spider:3 | HP: 4/89 [Arachne/bolt of poison (24)]
 27794 | Swamp:1  | Entered Level 1 of the Swamp
 29517 | Swamp:3  | Paralysed by a hornet for 3 turns
 29517 | Swamp:3  | HP: 4/89 [wasp[a shambling mangrove] (4)]
 29517 | Swamp:3  | Killed from afar by an insubstantial wisp

Vault maps used:
D:1:      dpeg_arrival_rooms_b
D:2:      minivault_14
D:3:      uniq_iyjb
D:4:      first_bread, uniq_pikel, uniq_robin, uniq_crazy_yiuf_cottage
D:5:      basic_altar, bloody_makhleb
D:6:      fedhas_altar_2, minmay_temple_entry_junction
D:8:      minmay_flawed_box
D:9:      uniq_maurice
D:10:     minmay_stone_box, erik_lair_orcish_takeover, hangedman_fish_farm,
          hangedman_decor_riveting, uniq_erolcha
D:11:     lightli_wizard_tower
D:12:     orc_0_dummy
D:13:     lightli_vaults_fourway_checkpoint
D:15:     grunt_enter_depths_snipers, roderic_lattice_octagonal_star
Lair:1:   nicolae_volcano_entry_hallway, small_statue_intersection, st_stairs_3,
          minivault_26, uniq_harold, uniq_sonja
Lair:2:   beast_lair_carwin_large_1, roderic_batcave,
          grunt_forest_stairs_clearing, lemuel_fruit_fields, uniq_nergalle
Lair:4:   uniq_maud, uniq_josephine
Lair:5:   statuecave_lemuel, minmay_swamp_entry_wisps,
          nicolae_spider_entry_non_spiders, minivault_11, st_stairs_4,
          serial_bayou_pond_b, infiniplex_staircase_pool
Lair:6:   slime_dummy, lemuel_fruit_fields, serial_bayou_shore_b
Lair:7:   beast_lair_carwin_1
Lair:8:   evil_forest, uniq_nessos
Swamp:1:  serial_swamp_ruin, evilmike_swamp_ruin_rubble_1,
          evilmike_swamp_ruin_house_5, swamp_pool2
Swamp:2:  evilmike_swamp_ruin_house_3
Swamp:3:  evilmike_swamp_ruin_house_2
Spider:1: guppyfry_spider_mini_3
Spider:2: nicolae_spider_cling_halls
Spider:3: spider_trap, uniq_agnes, uniq_arachne, uniq_louise
Orc:1:    serial_shops, shop_statue, enter_bailey_2, basic_altar
Orc:3:    nicolae_orc_accident_3, nicolae_orc_pool_cavern
Orc:4:    st_orc_rangers
Bailey:   bailey_axe_3, bailey
Volcano:  volcano_tomb

Action                   |  1- 3 |  4- 6 |  7- 9 | 10-12 | 13-15 | 16-18 || total
-------------------------+-------+-------+-------+-------+-------+-------++-------
Melee: Unarmed           |   133 |   205 |   319 |  1108 |  1632 |   856 ||  4253
Throw: Stone             |     5 |       |       |       |       |       ||     5
 Cast: Beastly Appendage |     2 |       |       |       |       |       ||     2
       Blade Hands       |       |       |       |     1 |    33 |    42 ||    76
       Repel Missiles    |       |       |       |     1 |     5 |     2 ||     8
       Blink             |       |       |       |       |       |    10 ||    10
Invok: Minor Destruction |       |       |       |    72 |   105 |    65 ||   242
       Lesser Servant of |       |       |       |     3 |    15 |     6 ||    24
       Major Destruction |       |       |       |       |     1 |       ||     1
       Greater Servant o |       |       |       |       |       |     1 ||     1
 Abil: Stop Flying       |       |       |       |       |     2 |       ||     2
       Evoke Flight      |       |       |       |       |     1 |     2 ||     3
Evoke: Wand              |       |     2 |     2 |       |       |       ||     4
  Use: Scroll            |       |     7 |     5 |     8 |     9 |    13 ||    42
       Potion            |       |       |       |     1 |     4 |     5 ||    10
 Stab: Distracted        |       |       |     1 |     1 |     7 |     5 ||    14
       Sleeping          |       |       |     1 |       |     1 |    12 ||    14
       Invisible         |       |       |       |       |       |     2 ||     2
  Eat: Chunk             |     1 |     5 |    10 |    25 |    81 |    39 ||   161
       Pizza             |       |       |       |       |     1 |       ||     1
